Map: [ESL] Cosmic Sapphire

Players

SpeCial

  • Race: Terran Terran
  • Spawn Location: 11:00

Cham - Winner!

  • Race: Zerg Zerg
  • Spawn Location: 5:00

Event: DreamHack SC2 Masters 2022 Atlanta (Online)

VOD

Have the link to the VOD?

Description

Time

  • Played on: Oct. 2, 2022, 5:10 p.m.
  • Length: 12:49

All games in this series

Show
View Real Time Build Order
Export as new Build Order

SpeCial Terran 

Build Orders: Mech 

Get SALT Encoding   

  12  0:00  SCV  
  13  0:12  SCV  
  14  0:17  Supply Depot  
  14  0:24  SCV  
  15  0:38  SCV  
  15  0:40  Barracks  
  16  0:42  Refinery  
  16  0:50  SCV  
  17  1:03  SCV  
  18  1:15  SCV  
  19  1:27  Orbital Command  
  19  1:35  Command Center  
  19  1:37  Marine  
  20  1:48  Factory  
  20  1:53  SCV  
  21  2:03  Barracks Reactor  
  21  2:05  SCV  
  22  2:09  Supply Depot  
  22  2:10  Refinery  
  22  2:17  SCV  
  23  2:31  SCV  
  23  2:33  Hellion  
  26  2:39  Starport  
  26  2:40  Marine x2  
  26  2:43  SCV  
  29  2:47  Orbital Command  
  29  2:54  Widow Mine  
  29  2:55  SCV  
  29  2:58  Marine x2  
  34  3:07  SCV  
  35  3:13  SCV  
  35  3:15  Medivac  
  35  3:16  Marine x2  
  35  3:19  SCV  
  41  3:21  Hellion  
  41  3:24  Supply Depot  
  41  3:26  SCV  
  44  3:31  SCV  
  45  3:36  Fusion Core  
  45  3:41  SCV  
  46  3:46  SCV, Starport Tech Lab  
  47  3:48  Supply Depot  
  47  3:51  Hellion x2  
  47  3:53  SCV  
  47  3:55  Marine  
  52  3:58  SCV  
  54  4:10  SCV x2  
  54  4:12  Supply Depot  
  56  4:22  SCV x2, Hellion x2  
  62  4:33  Battlecruiser  
  62  4:34  Supply Depot  
  68  4:39  SCV  
  68  4:40  SCV  
  70  4:52  Command Center  
  70  4:56  SCV x2  
  70  4:58  Supply Depot, Hellion  
  74  5:01  Hellion  
  75  5:08  SCV  
  75  5:13  SCV  
  75  5:20  SCV  
  75  5:21  Hellion, Refinery  
  68  5:22  Refinery  
  68  5:23  Hellion  
  68  5:25  SCV  
  71  5:32  SCV  
  72  5:37  SCV  
  72  5:38  Supply Depot, Battlecruiser  
  72  5:42  Hellion  
  81  5:44  Hellion  
  77  5:57  SCV x2, Factory  
  77  6:02  Factory  
  77  6:03  Hellion  
  81  6:06  Hellion  
  81  6:09  SCV x2  
  85  6:15  Supply Depot, Engineering Bay  
  85  6:21  SCV x2  
  85  6:25  Hellion  
  89  6:27  Hellion  
  89  6:29  Orbital Command  
  89  6:30  Refinery  
  89  6:32  Refinery  
  87  6:33  SCV x2  
  87  6:41  Factory Tech Lab  
  87  6:45  SCV x2  
  87  6:46  Hellion  
  90  6:48  Hellion  
  90  6:49  Battlecruiser  
  90  6:53  Supply Depot, Factory Tech Lab  
  94  6:54  Supply Depot  
  94  6:57  SCV  
  94  6:58  SCV  
  94  7:00  Siege Tank  
  99  7:03  SCV  
  99  7:08  Supply Depot, Hellion  
  102  7:10  SCV x2, Hellion  
  102  7:12  Armory, Siege Tank  
  110  7:15  SCV  
  110  7:21  Armory  
  110  7:22  SCV x2  
  108  7:27  SCV  
  108  7:29  Hellion  
  101  7:31  Hellion  
  101  7:33  Siege Tank  
  101  7:34  SCV x2  
  108  7:39  SCV  
  107  7:44  Siege Tank  
  107  7:46  SCV  
  107  7:51  Command Center  
  111  7:52  Hellion  
  111  7:53  Hellion  
  111  7:54  SCV x2  
  111  7:58  SCV, Missile Turret  
  118  8:02  Supply Depot, Terran Vehicle Weapons Level 1  
  118  8:05  Siege Tank  
  121  8:12  Battlecruiser  
  125  8:16  Siege Tank  
  124  8:22  Terran Vehicle And Ship Armor Level 1, Hellion x2  
  124  8:26  Missile Turret  
  128  8:32  SCV x3, Factory  
  131  8:34  Factory  
  131  8:39  Hellion  
  133  8:43  Hellion x2  
  135  8:49  Hellion, Command Center  
  135  8:51  Infernal Pre-Igniter  
  137  8:56  Supply Depot x2, Weapon Refit  
  137  8:59  Supply Depot, SCV x3  
  137  9:01  Siege Tank  
  137  9:04  Hellion x2  
  137  9:09  Refinery  
  141  9:16  Sensor Tower  
  141  9:17  SCV x2  
  143  9:18  Missile Turret  
  143  9:19  Refinery  
  143  9:26  Hellion x2, Siege Tank  
  150  9:32  Factory Tech Lab, Factory Reactor  
  150  9:34  Siege Tank  
  150  9:38  Planetary Fortress  
  153  9:40  Missile Turret  
  153  9:47  Hellion x2  
  153  9:52  Battlecruiser  
  163  9:57  SCV  
  163  9:59  Hellion  
  150  10:01  SCV  
  150  10:06  Hellion, Missile Turret  
  141  10:08  Hellion, Siege Tank  
  141  10:09  Hellion  
  145  10:17  Terran Vehicle Weapons Level 2  
  145  10:20  Siege Tank  
  148  10:22  Refinery  
  148  10:23  Refinery  
  148  10:30  Hellion x2  
  148  10:32  Missile Turret  
  151  10:40  SCV  
  141  10:45  Hellion  
  141  10:46  SCV  
  141  10:47  Hellion  
  141  10:48  Hellion  
  126  10:51  Hellion x2  
  126  10:53  SCV  
  126  10:54  SCV  
  124  10:57  Missile Turret  
  124  10:58  SCV x2  
  124  10:59  SCV  
  124  11:06  SCV  
  124  11:10  Battlecruiser  
  124  11:11  SCV  
  132  11:12  Starport  
  132  11:14  Starport  
  132  11:16  SCV  
  136  11:18  Hellion  
  136  11:19  Hellion  
  136  11:23  SCV, Siege Tank  
  136  11:25  SCV  
  117  11:40  Hellion x2, Siege Tank x2  
  117  11:45  SCV  
  117  11:47  Planetary Fortress  
  122  11:50  Starport Tech Lab x2  
  122  11:52  Hellion  
  122  11:53  Hellion  
  120  11:55  Orbital Command  
  120  12:00  SCV  
  120  12:01  Hellion  
  124  12:03  Hellion  
Show
View Real Time Build Order
Export as new Build Order

Cham Zerg - Winner!

Build Orders: Hatch First, Swarm Host 

Get SALT Encoding   

  12  0:03  Drone  
  13  0:08  Drone  
  14  0:16  Overlord  
  14  0:35  Drone x2  
  16  0:47  Hatchery  
  15  0:51  Drone  
  15  0:54  Drone  
  17  0:59  Drone  
  18  1:12  Spawning Pool  
  18  1:13  Extractor  
  18  1:16  Drone  
  17  1:21  Drone  
  18  1:30  Drone  
  19  1:41  Drone  
  20  1:58  Queen  
  20  1:59  Queen  
  20  2:00  Zergling x4  
  26  2:03  Drone  
  27  2:11  Drone  
  27  2:12  Overlord  
  28  2:24  Hatchery  
  28  2:29  Drone  
  28  2:31  Drone  
  28  2:32  Drone  
  30  2:38  Queen  
  30  2:44  Overlord  
  32  2:50  Metabolic Boost  
  32  2:51  Drone  
  32  2:55  Drone x2  
  35  2:59  Drone  
  36  3:08  Drone x4  
  36  3:10  Drone  
  41  3:16  Queen  
  43  3:25  Overlord  
  43  3:36  Queen, Drone  
  43  3:37  Overlord  
  43  3:38  Zergling x6  
  49  3:42  Zergling x2  
  49  3:44  Zergling x4, Drone  
  49  3:47  Queen  
  55  3:51  Drone x3  
  58  3:57  Queen  
  58  4:02  Drone x3  
  63  4:09  Drone  
  64  4:12  Drone  
  64  4:13  Drone  
  66  4:18  Overlord x2  
  66  4:35  Queen, Overlord  
  66  4:36  Drone x6  
  74  4:49  Overlord x2  
  74  4:50  Lair  
  74  4:52  Extractor  
  73  4:53  Roach Warren  
  73  4:55  Spore Crawler, Drone  
  73  4:56  Spore Crawler x2, Drone x6  
  76  5:01  Drone x2  
  76  5:10  Drone x2  
  77  5:15  Drone  
  77  5:19  Drone x2  
  77  5:20  Drone x3  
  80  5:27  Drone  
  81  5:29  Evolution Chamber x2  
  81  5:30  Extractor x2  
  81  5:33  Drone  
  81  5:34  Drone x2, Hatchery, Overlord  
  78  5:39  Extractor x2  
  76  5:45  Drone  
  74  5:50  Drone  
  74  5:55  Drone x2  
  74  5:56  Drone x2  
  77  5:58  Zergling x2  
  77  5:59  Overlord  
  77  6:00  Zergling x4, Drone  
  77  6:02  Drone x2  
  77  6:03  Spire  
  82  6:08  Drone x3  
  85  6:12  Overlord  
  85  6:13  Spore Crawler, Drone  
  85  6:17  Zergling x2, Drone, Overlord  
  87  6:24  Roach  
  87  6:25  Roach  
  87  6:26  Zergling x2  
  87  6:29  Zerg Ground Armor Level 1, Zerg Missile Weapons Level 1  
  86  6:34  Zergling x4  
  86  6:38  Zergling x2  
  80  6:41  Zergling x2  
  80  6:43  Drone  
  80  6:44  Drone x4  
  84  6:56  Drone  
  84  6:57  Drone x3  
  88  7:02  Drone x3  
  88  7:03  Drone  
  88  7:07  Drone, Overlord  
  88  7:08  Drone x2  
  95  7:09  Drone  
  96  7:15  Overlord  
  96  7:17  Corruptor  
  96  7:19  Zerg Flyer Weapons Level 1  
  96  7:20  Corruptor  
  100  7:23  Overlord  
  100  7:29  Corruptor x2  
  101  7:32  Drone x4  
  101  7:35  Drone x2  
  101  7:36  Drone  
  104  7:41  Drone x4  
  104  7:43  Drone  
  108  7:46  Extractor  
  108  7:48  Drone x3, Extractor  
  108  7:50  Overlord  
  109  7:53  Glial Reconstitution  
  109  7:55  Drone  
  109  7:56  Drone x2  
  112  8:05  Infestation Pit  
  111  8:06  Baneling Nest  
  111  8:11  Drone x2  
  111  8:12  Drone x2  
  110  8:14  Drone  
  110  8:15  Drone x4  
  110  8:19  Overlord  
  115  8:26  Roach x7  
  129  8:39  Overlord  
  129  8:48  Overlord  
  128  8:51  Swarm Host x9  
  128  8:52  Swarm Host x3  
  163  9:01  Roach x3  
  169  9:03  Centrifugal Hooks  
  169  9:09  Corruptor x2  
  169  9:12  Overlord  
  169  9:16  Overlord  
  173  9:22  Hatchery  
  172  9:29  Swarm Host x2  
  178  9:32  Zergling x6, Roach x3  
  178  9:37  Drone x2, Spine Crawler  
  188  9:39  Spine Crawler  
  188  9:44  Zergling x8  
  188  9:45  Zergling x16  
  196  10:05  Roach x2  
  200  10:11  Overlord x2  
  200  10:12  Zerg Ground Armor Level 2  
  200  10:13  Zerg Missile Weapons Level 2  
  200  10:14  Hive  
  200  10:25  Corruptor  
  173  10:42  Corruptor  
  173  10:43  Corruptor x8  
  173  10:48  Zergling x2  
  173  10:49  Zergling x12  
  185  10:58  Corruptor  
  185  10:59  Corruptor x4  
  187  11:11  Ravager x3  
  190  11:14  Zergling x2  
  190  11:15  Zergling x10  
  172  11:33  Corruptor x2  
  172  11:35  Roach x4  
  172  11:36  Roach x4  
  172  11:39  Roach x4  
  196  11:51  Roach  
  199  11:54  Zergling x2  
  198  12:05  Zergling x2  
  199  12:14  Baneling x9  
  195  12:16  Corruptor x2  
  184  12:38  Hatchery  
Tags
 
Add a new tag
Caveats
  • Supply blocks, unpowered buildings, or Contaminate may cause inaccurate times.
  • Supply counts are checked every 10 seconds.